[Event "*** Titled Tuesday Blitz"]
[Site "Chess.com"]
[Date "2020.04.07"]
[Round "4"]
[White "Sviridov_Valery"]
[Black "Sharpchess22"]
[Result "1-0"]
[WhiteElo "2774"]
[BlackElo "2904"]
[TimeControl "180+1"]
[EndTime "13:41:11 PDT"]
[Termination "Sviridov_Valery won on time"]

1. Nf3 Nf6 2. d4 e6 3. e3 b6 4. Nbd2 Bb7 5. Bd3 d5 6. O-O Bd6 7. Qe2 c5 8. c3 Nbd7 9. e4 dxe4 10. Nxe4 Nxe4 11. Bxe4 Qc7 12. Bxb7 Qxb7 13. Rd1 O-O 14. a4 Nf6 15. a5 h6 16. dxc5 Bxc5 17. Be3 Bxe3 18.
Qxe3 bxa5 19. Rd2 Ne4 20. Re2 Nd6 21. Qc5 Rfd8 22. Qxa5 a6 23. Rd2 Qb5 24. Qxb5 axb5 25.
Rad1 Nb7 26. Nd4 Rd5 27. g3 Nd6 28. Nf3 Rxd2 29. Rxd2 Nc4 30. Re2 Ra2 31. Nd4 Nxb2 32.
Nxb5 Ra1+ 33. Kg2 Nc4 34. Re4 Nd2 35. Rd4 Ra2 36. Rd8+ Kh7 37. Rd7 f5 38. Nd6 Ne4 39. Nxe4 fxe4 40. Re7 e3 41. Rxe6 Rxf2+ 42. Kg1 Rf3 43.
c4 Kg8 44. c5 Kf7 45. Re4 Rf5 46. Rxe3 1-0

[Event "*** Titled Tuesday Blitz"]
[Site "Chess.com"]
[Date "2020.04.07"]
[Round "4"]
[White "penguingm1"]
[Black "VeraLevel"]
[Result "0-1"]
[WhiteElo "2888"]
[BlackElo "2719"]
[TimeControl "180+1"]
[EndTime "13:41:11 PDT"]
[Termination "VeraLevel won by resignation"]

1. d4 g6 2. c4 Bg7 3. Nc3 d6 4. e4 Nf6 5. Nge2 O-O 6. f3 c5 7. d5 e6 8. Ng3 a6 9. a4 h5 10. Bg5 Re8 11. Be2 exd5 12. cxd5 Qc7 13.
Qd2 Nh7 14. Bh6 Bd4 15. Be3 Bg7 16. O-O h4 17. Nh1 Nd7 18. Nf2 Ne5 19. f4 Nd7 20.
Rae1 Rb8 21. e5 dxe5 22. d6 Qd8 23. Nfe4 exf4 24. Bxf4 b5 25. axb5 axb5 26. Bh6 Bd4+ 27. Kh1 h3 28. Qf4 hxg2+ 29. Kxg2 f5 30. Bxb5 fxe4 31.
Rxe4 Rxe4 32. Qxe4 Bb7 33. Nd5 Kh8 34. Rf7 Ndf6 35.
Bg7+ Kg8 36. Rxb7 Nxe4 37. Ne7+ Kxg7 38. Nc6+ Rxb7 39. Nxd8 Rxb5 40. d7 Rxb2+ 41. Kf3 Rb8 42. Nc6 Rf8+ 43. Kxe4 Bf6 44. Kd5 Ng5 45. Kxc5 Nf7 46.
Kb6 Nd8 47. Nb4 Rh8 48. Nd5 Rxh2 0-1

[Event "*** Titled Tuesday Blitz"]
[Site "Chess.com"]
[Date "2020.04.07"]
[Round "4"]
[White "aquiles88"]
[Black "XiaoKangZhong"]
[Result "1/2-1/2"]
[WhiteElo "2221"]
[BlackElo "2419"]
[TimeControl "180+1"]
[EndTime "13:41:11 PDT"]
[Termination "Game drawn by repetition"]

1. g3 g6 2. Bg2 Bg7 3. e4 c6 4.
Nc3 e6 5. d4 d5 6. Nge2 Ne7 7.
O-O O-O 8. Bg5 h6 9. Bf4 g5 10. Be3 f5 11. exd5 exd5 12. f4 g4 13. Qd2 Nd7 14.
Nc1 Nf6 15. Nd3 Ne4 16. Nxe4 fxe4 17. Ne5 Bf5 18. Rae1 a5 19. c3 b5 20. Qe2 h5 21.
Qd2 Rb8 22. Rc1 Qd6 23. Rfd1 Rb6 24. Bf1 Rfb8 25. Be2 b4 26. c4 Qe6 27. c5 R6b7 28. Ba6 Ra7 29. Bf1 Bxe5 30. fxe5 Bg6 31. Be2 Nf5 32. Rf1 Rf7 33. Rf2 Rbf8 34. Rcf1 Kg7 35.
Kg2 Nxe3+ 36. Qxe3 Rxf2+ 37. Rxf2 Rxf2+ 38. Qxf2 Qe7 39. Qe3 Be8 40. Qf4 Kg6 41. h4 Kg7 42. Kf2 Bg6 43. Ke3 Qf7 44. Qg5 Qf5 45. Qe7+ Bf7 46. Qd6 Qe6 47.
Qd8 Qg6 48. Qd6 Qe6 49. Ba6 Qf5 50. Be2 Qe6 1/2-1/2

[Event "*** Titled Tuesday Blitz"]
[Site "Chess.com"]
[Date "2020.04.07"]
[Round "4"]
[White "jonaszmb"]
[Black "hongnhung1234"]
[Result "1-0"]
[WhiteElo "2405"]
[BlackElo "2163"]
[TimeControl "180+1"]
[EndTime "13:41:11 PDT"]
[Termination "jonaszmb won by checkmate"]

1. d4 f5 2. g3 Nf6 3. Bg2 g6 4.
Nh3 Bg7 5. Nf4 O-O 6. h4 Bh8 7. c4 d6 8. Nc3 e5 9. Nfd5 c6 10.
Nxf6+ Bxf6 11. Bh6 Re8 12. dxe5 dxe5 13. Qb3 Qb6 14. Na4 Qxb3 15. axb3 Na6 16. O-O Be6 17. e4 f4 18. gxf4 Bxh4 19. fxe5 g5 20. f4 gxf4 21. Bxf4 b6 22. Rad1 Nb4 23. Nc3 Rad8 24. Rd6 Bg4 25. Bf3 Bh3 26. Rfd1 Rf8 27. Rxd8 Rxd8 28. Rxd8+ Bxd8 29. Bh5 Nd3 30. Bg3 Bg5 31. Kh2 Be6 32. Nd5 cxd5 33. cxd5 Bc8 34. e6 Nf4 35. Bf7+ Kf8 36. Be1 Nd3 37. Bc3 Bf4+ 38. Kh3 Ke7 39. Kg4 Bd6 40.
Kf5 Bb7 41. Bf6+ Kf8 42. e5 Be7 43. d6 Bxf6 44. Kxf6 Nc5 45. e7# 1-0

[Event "*** Titled Tuesday Blitz"]
[Site "Chess.com"]
[Date "2020.04.07"]
[Round "4"]
[White "Kumi29"]
[Black "DinaBelenkaya"]
[Result "1-0"]
[WhiteElo "2442"]
[BlackElo "2245"]
[TimeControl "180+1"]
[EndTime "13:41:12 PDT"]
[Termination "Kumi29 won on time"]

1. d4 Nf6 2. Bg5 e6 3. Nd2 d5 4.
e3 c5 5. c3 Nc6 6. Bd3 Bd6 7. f4 b6 8. Ngf3 Qc7 9. Ne5 Bb7 10. a4 a6 11. Qe2 Ne7 12. O-O h6 13. Bxf6 gxf6 14. Qh5 Bxe5 15. fxe5 f5 16. Qe2 h5 17.
Rfc1 c4 18. Bc2 Ng6 19. Nf3 h4 20. h3 Ke7 21. Rf1 Rag8 22. Kh1 Nf8 23. Qf2 Ng6 24.
Ng1 Qd8 25. Ne2 Nf8 26. Nf4 Rg3 27. Qe2 Ng6 28. Rf3 Qg8 29. Rxg3 hxg3 30. Rf1 Rh4 31. Bd1 Qh7 32. Kg1 Bc6 33. Qf3 Be8 34. Qxg3 Nf8 35. b3 Qh6 36. bxc4 dxc4 37. d5 Bd7 38. Be2 Ng6 39.
Bxc4 Nxf4 40. exf4 Bxa4 41. dxe6 fxe6 42. Qf3 Qf8 43. Qb7+ 1-0

[Event "*** Titled Tuesday Blitz"]
[Site "Chess.com"]
[Date "2020.04.07"]
[Round "4"]
[White "ehrenfeld"]
[Black "kai_nov"]
[Result "0-1"]
[WhiteElo "2416"]
[BlackElo "2206"]
[TimeControl "180+1"]
[EndTime "13:41:12 PDT"]
[Termination "kai_nov won by resignation"]

1. e4 c5 2. d3 Nc6 3. f4 d5 4.
Be2 Nf6 5. e5 Ng8 6. c3 Nh6 7.
Nf3 e6 8. d4 Nf5 9. Bd3 cxd4 10. Bxf5 exf5 11. cxd4 Qb6 12. O-O Be6 13. Nc3 Be7 14.
Na4 Qb5 15. Be3 O-O 16. Rc1 Rac8 17. Rf2 Nb4 18. Rxc8 Rxc8 19. a3 Nd3 20. Rc2 Rxc2 21.
Qxc2 h6 22. Nc5 Nxb2 23. Nxe6 fxe6 24. Qc8+ Kf7 25. h3 Nc4 26. Bf2 Nxa3 27. Bh4 Qc6 28. Qh8 Bxh4 29. Nxh4 Qc1+ 30. Kh2 Qxf4+ 31. g3 Qf2+ 32.
Ng2 Qxd4 33. Qd8 Qb6 34. Qd7+ Kg8 35. Qe8+ Kh7 36. Nf4 Qc6 37. Qf7 Qc2+ 38. Ng2 Qc6 39. h4 Nc4 40. Nf4 Nxe5 41. Qf8 Ng4+ 42. Kh3 d4 43.
Ng2 Qc1 44. Ne1 Qxe1 0-1

[Event "*** Titled Tuesday Blitz"]
[Site "Chess.com"]
[Date "2020.04.07"]
[Round "4"]
[White "DejanNestor64"]
[Black "willc-h99"]
[Result "1-0"]
[WhiteElo "2439"]
[BlackElo "2240"]
[TimeControl "180+1"]
[EndTime "13:41:13 PDT"]
[Termination "DejanNestor64 won on time"]

1. d4 Nf6 2. c4 e6 3. Nf3 b6 4.
Nc3 Bb4 5. Bg5 Bb7 6. Rc1 h6 7. Bh4 O-O 8. e3 d6 9. Bd3 Nbd7 10. O-O e5 11. Nd2 Bxc3 12. Rxc3 Qe7 13. Bf5 Bc8 14. Be4 Rb8 15. Bc6 g5 16. Bg3 Kg7 17. f4 gxf4 18. Bh4 Qe6 19. d5 Qg4 20. Qe1 Nc5 21. exf4 exf4 22.
b4 Nce4 23. Nxe4 Nxe4 24. Qxe4 Qxh4 25. Rg3+ Kh8 26. Rxf4 Qh5 27. Qe3 Qe5 28. Qf2 Qa1+ 29. Qf1 Qxf1+ 30. Rxf1 f5 31. h3 f4 32. Rg6 Kh7 33. Re6 Bxe6 34. dxe6 Rbe8 35. Bxe8 Rxe8 36.
Rxf4 Re7 37. Rf1 Kg6 38. g4 Rxe6 39. Rf5 Re2 40. Rf4 Rxa2 41. h4 a5 42. bxa5 bxa5 43.
c5 dxc5 44. Rc4 1-0

[Event "*** Titled Tuesday Blitz"]
[Site "Chess.com"]
[Date "2020.04.07"]
[Round "4"]
[White "Superfelix"]
[Black "MalyDominator"]
[Result "1-0"]
[WhiteElo "2491"]
[BlackElo "2268"]
[TimeControl "180+1"]
[EndTime "13:41:13 PDT"]
[Termination "Superfelix won on time"]

1. e4 c5 2. Nf3 Nc6 3. d4 cxd4 4. Nxd4 Nf6 5. Nc3 d6 6. Bc4 e6 7. Bb3 Be7 8. Qe2 a6 9. Be3 Nxd4 10. Bxd4 b5 11.
g4 b4 12. Na4 Bb7 13. f3 O-O 14. O-O-O Nd7 15. h4 Qa5 16. c3 Bc6 17. cxb4 Qxb4 18. Bc3 Qb5 19. Qe3 Rfc8 20. Kb1 Rab8 21. g5 Ne5 22. f4 Nc4 23. Qd4 e5 24. Qxc4 Qxc4 25. Bxc4 Bxa4 26. Bb3 Bxb3 27. axb3 Rxb3 28. Kc2 Rb5 29. f5 h6 30. gxh6 gxh6 31. Ra1 Rc6 32. Rhg1+ Kf8 33. Rg4 d5 34. exd5 Rxd5 35. Rga4 f6 36.
Rxa6 Rxa6 37. Rxa6 e4 38. Re6 Rxf5 39. Rxe4 Kf7 40.
b4 h5 41. Kb3 Bd6 42. Kc4 Rf4 43. Rxf4 Bxf4 44. Kd5 Bg3 45. b5 Ke7 46. b6 Bxh4 47. Be5 1-0

[Event "*** Titled Tuesday Blitz"]
[Site "Chess.com"]
[Date "2020.04.07"]
[Round "4"]
[White "BillCoe"]
[Black "JiangoFett"]
[Result "0-1"]
[WhiteElo "2014"]
[BlackElo "2300"]
[TimeControl "180+1"]
[EndTime "13:41:13 PDT"]
[Termination "JiangoFett won by checkmate"]

1. e4 c5 2. Nf3 Nc6 3. Bb5 e6 4. c3 Nf6 5. Qe2 d5 6. e5 Nd7 7.
d4 Be7 8. O-O O-O 9. Be3 f6 10.
exf6 Bxf6 11. dxc5 Re8 12. Rd1 Nf8 13. Nbd2 Bd7 14.
Nf1 Qc7 15. Ng3 g6 16. Bg5 Bg7 17. Rd2 a6 18. Ba4 Ne7 19. Bxd7 Qxd7 20. Rad1 Rac8 21. Ne5 Qc7 22. Bxe7 Rxe7 23. Nd3 Nd7 24. Nf4 Qxf4 25. Rxd5 Nxc5 26. Rd6 Ree8 27. b4 Na4 28. Rxe6 Rf8 29.
Rd7 Nxc3 30. Qe1 Rf7 31. Ree7 Rcf8 32. Rxf7 Rxf7 33. Qe8+ Rf8 34. Qe7 Qxf2+ 35. Kh1 Qf1+ 36. Nxf1 Rxf1# 0-1

[Event "*** Titled Tuesday Blitz"]
[Site "Chess.com"]
[Date "2020.04.07"]
[Round "4"]
[White "severomorskij"]
[Black "SerGo055"]
[Result "1-0"]
[WhiteElo "2842"]
[BlackElo "2528"]
[TimeControl "180+1"]
[EndTime "13:41:14 PDT"]
[Termination "severomorskij won on time"]

1. d4 Nf6 2. c4 e6 3. Nc3 d5 4.
cxd5 exd5 5. Bg5 c6 6. e3 Be7 7. Bd3 Nbd7 8. Nge2 Nh5 9. Bxe7 Qxe7 10. g4 Nhf6 11.
h3 Nb6 12. Qc2 Be6 13. O-O-O O-O-O 14. Kb1 Kb8 15. Nf4 Bc8 16. g5 Ne8 17. h4 Nd6 18. Rc1 h6 19. g6 f6 20. Na4 Rhe8 21. Nxb6 axb6 22. Rhe1 Bg4 23. a4 Bf3 24. Qb3 Ka7 25. a5 b5 26. a6 Be4 27. axb7 Nc4 28. Kc2 Kxb7 29. Ra1 Ra8 30. Qc3 Qd6 31. h5 f5 32.
Rec1 Rxa1 33. Rxa1 Ra8 34. Rxa8 Kxa8 35. b3 Nb6 36.
Qc5 Qxc5+ 37. dxc5 Nd7 38. Bxe4 fxe4 39. Ne6 Kb8 40.
Nxg7 Nf6 41. Nf5 Nxh5 42. g7 Nxg7 43. Nxg7 Kc7 44. Kc3 Kd7 45. Kd4 1-0

[Event "*** Titled Tuesday Blitz"]
[Site "Chess.com"]
[Date "2020.04.07"]
[Round "4"]
[White "rasmussvane"]
[Black "iLuusions"]
[Result "1-0"]
[WhiteElo "2866"]
[BlackElo "2590"]
[TimeControl "180+1"]
[EndTime "13:41:14 PDT"]
[Termination "rasmussvane won by resignation"]

1. Nf3 Nf6 2. g3 d5 3. Bg2 c6 4. O-O Bg4 5. h3 Bxf3 6. Bxf3 e5 7. d3 Nbd7 8. e4 Bd6 9. Nc3 dxe4 10. Nxe4 Be7 11. a4 a5 12. Qe2 O-O 13. Bd2 Qc7 14.
h4 h6 15. Kg2 Nd5 16. Nc3 Nxc3 17. Bxc3 f5 18. Rae1 Bf6 19. Bh5 Kh7 20. Kg1 g6 21.
Bf3 Rae8 22. h5 Nc5 23. hxg6+ Kg7 24. b3 e4 25. Bxf6+ Rxf6 26. Bh5 Rfe6 27. dxe4 Nxe4 28.
Qf3 Qe5 29. Re3 Qf6 30. Qf4 Ng5 31. Rxe6 Rxe6 32. Kg2 Re7 33. Rd1 Ne6 34. Qf3 f4 35. Re1 fxg3 36. Qxf6+ Kxf6 37. Kxg3 Rg7 38. Rd1 Kg5 39.
Re1 Nf8 40. Re5+ Kf6 41. Rxa5 Nxg6 42. Bxg6 Rxg6+ 43. Kf4 Rg1 44. Ra7 Rc1 45. c4 b6 46.
Ra6 Rc2 47. f3 Rc3 48. Rxb6 1-0

[Event "*** Titled Tuesday Blitz"]
[Site "Chess.com"]
[Date "2020.04.07"]
[Round "4"]
[White "ahappypawn"]
[Black "IAgrest"]
[Result "0-1"]
[WhiteElo "2329"]
[BlackElo "2154"]
[TimeControl "180+1"]
[EndTime "13:41:14 PDT"]
[Termination "IAgrest won on time"]

1. Nf3 Nf6 2. c4 g6 3. Nc3 Bg7 4. g3 O-O 5. Bg2 d6 6. O-O a6 7. d4 Nbd7 8. e4 e5 9. Re1 exd4 10. Nxd4 Ng4 11. h3 Qf6 12. Nf3 Nge5 13. Nd5 Qd8 14. Nxe5 Nxe5 15. Qc2 c6 16. Ne3 Qf6 17. f4 Nd7 18.
Ng4 Qe7 19. Bd2 h5 20. Ne3 Nc5 21. Rad1 h4 22. g4 Ne6 23. Rf1 Nd4 24. Qd3 Rb8 25. Bc3 c5 26. Nd5 Qd8 27. f5 Be5 28. f6 Be6 29.
Ne7+ Kh7 30. g5 Qd7 31. Be1 b5 32. b3 bxc4 33. bxc4 Qa4 34. Rc1 Qxa2 35. Bxh4 Rb2 36. Rf2 Ne2+ 37. Rxe2 Rxe2 38. Bf1 Bd4+ 39. Qxd4 cxd4 40. Bxe2 Qxe2 41. Bf2 d3 42. Re1 Qf3 43. Re3 Qd1+ 44. Kg2 d2 0-1

[Event "*** Titled Tuesday Blitz"]
[Site "Chess.com"]
[Date "2020.04.07"]
[Round "4"]
[White "fmshawnrl123"]
[Black "karinachess1"]
[Result "1-0"]
[WhiteElo "2727"]
[BlackElo "2526"]
[TimeControl "180+1"]
[EndTime "13:41:15 PDT"]
[Termination "fmshawnrl123 won by resignation"]

1. c4 e6 2. g3 Nf6 3. Bg2 d5 4. Nf3 Be7 5. O-O O-O 6. b3 c5 7. Bb2 Nc6 8. e3 b6 9. cxd5 Nxd5 10. d4 Bb7 11. Nc3 cxd4 12. Nxd5 Qxd5 13. Nxd4 Qd7 14. Nxc6 Bxc6 15. Qxd7 Bxd7 16. Bxa8 Rxa8 17. Rac1 Bc5 18. Rfd1 Bb5 19. a4 Be8 20. Bd4 Ba3 21. Rc2 f6 22. Ra1 Bd6 23. a5 bxa5 24. Rxa5 a6 25. Rca2 Rc8 26. Rxa6 Rc1+ 27. Kg2 Bc6+ 28. Kh3 e5 29. Bb2 Rc2 30. Ba1 Rc1 31. g4 h5 32. gxh5 Bd7+ 33.
Kg2 Bf8 34. Rd2 Bg4 35. h6 e4 36. hxg7 Bxg7 37. Bxf6 Bc8 38. Rd8+ Kf7 39. Ra8 Bb7 40. Ra7 Bxf6 41. Rxb7+ Kg6 42. Rd6 Kf5 43. Rf7 Ke5 44. Rdxf6 Rc8 45. Rf5+ Ke6 46. R7f6+ Ke7 47. b4 1-0

[Event "*** Titled Tuesday Blitz"]
[Site "Chess.com"]
[Date "2020.04.07"]
[Round "4"]
[White "Treacherous_horse64"]
[Black "LimeInTheCoconut"]
[Result "0-1"]
[WhiteElo "2177"]
[BlackElo "2508"]
[TimeControl "180+1"]
[EndTime "13:41:15 PDT"]
[Termination "LimeInTheCoconut won by checkmate"]

1. d4 Nf6 2. Nf3 e6 3. e3 b6 4.
Nbd2 Bb7 5. Bd3 d5 6. a3 Nbd7 7. b4 Bd6 8. Bb2 O-O 9. c4 c5 10. bxc5 bxc5 11. O-O cxd4 12. Nxd4 Ne5 13. Be2 Rc8 14. cxd5 Nxd5 15. Qb3 Ba8 16. Rfc1 Qe7 17.
N2f3 Nxf3+ 18. Nxf3 Rb8 19. Qa2 Nb6 20. Be5 Bxe5 21. Nxe5 Bxg2 22. Kxg2 Qg5+ 23. Ng4 h5 24. h3 hxg4 25. hxg4 Nd5 26. Rh1 Nf6 27. Qc4 e5 28.
Rh3 g6 29. Rah1 Kg7 30. Qa4 Rh8 31. Rxh8 Rxh8 32. Rxh8 Kxh8 33. Qc4 Kg7 34. Qb4 e4 35. Kg3 Qe5+ 36. Kh3 a5 37. Qc4 Nh7 38. Qa4 Ng5+ 39. Kg2 f5 40. gxf5 gxf5 41. Qd7+ Kh6 42. Qd8 Qg7 43. Qxa5 Nf3+ 44. Kh3 Qg4# 0-1

[Event "*** Titled Tuesday Blitz"]
[Site "Chess.com"]
[Date "2020.04.07"]
[Round "4"]
[White "LADIESGET2KNOWME"]
[Black "tomsishere"]
[Result "1-0"]
[WhiteElo "2444"]
[BlackElo "2191"]
[TimeControl "180+1"]
[EndTime "13:41:15 PDT"]
[Termination "LADIESGET2KNOWME won on time"]

1. d4 Nf6 2. Nc3 d5 3. Bg5 e6 4. e4 dxe4 5. Nxe4 Be7 6. Bxf6 gxf6 7. Nf3 b6 8. Bd3 Bb7 9. O-O Nd7 10. Re1 c6 11. c4 Rg8 12. Qd2 Qc7 13. Rac1 f5 14. Ng3 f4 15. Nh5 O-O-O 16. Nxf4 Bd6 17. Nh5 c5 18.
Be4 cxd4 19. Nxd4 Bxh2+ 20. Kh1 Bxe4 21. Rxe4 Nc5 22. Rh4 Be5 23. Qe3 Bxd4 24. Rxd4 Rxd4 25. Qxd4 Qc6 26. Ng3 h5 27. b4 Nd7 28. c5 bxc5 29.
Qf4 h4 30. Ne4 e5 31. Qxf7 Rf8 32. Qh7 h3 33. gxh3 Rf4 34. f3 Rxf3 35. bxc5 Rf4 36.
Re1 Nxc5 37. Qh8+ Kb7 38. Rb1+ Ka6 39. Qxe5 Rxe4 40. Qb2 Re1+ 41. Kh2 Qh1+ 42. Kg3 Qg1+ 43. Kh4 Re4+ 44. Kh5 1-0

[Event "*** Titled Tuesday Blitz"]
[Site "Chess.com"]
[Date "2020.04.07"]
[Round "4"]
[White "aquaticpineapples"]
[Black "Borsuk_Konstantin"]
[Result "1-0"]
[WhiteElo "2241"]
[BlackElo "2448"]
[TimeControl "180+1"]
[EndTime "13:41:16 PDT"]
[Termination "aquaticpineapples won on time"]

1. d4 Nf6 2. Nf3 e6 3. Nbd2 c5 4. e3 b6 5. Bd3 Bb7 6. Qe2 Nc6 7. c3 Be7 8. O-O d6 9. a3 O-O 10. e4 e5 11. dxe5 dxe5 12. Nc4 Qc7 13. a4 Rad8 14.
Bg5 h6 15. Bh4 Rfe8 16. Ne3 g6 17. Rfd1 Na5 18. Bxf6 Bxf6 19. Bb5 Rxd1+ 20. Rxd1 Rd8 21. Nd5 Bxd5 22. exd5 Kg7 23. h3 Nb7 24. Bc6 Na5 25.
Bb5 h5 26. Qe3 Qe7 27. b4 cxb4 28. cxb4 Nb7 29. Bc6 Nd6 30. Re1 e4 31. Nd4 Qe5 32. Rd1 Rc8 33. Bd7 Rc4 34. Nc6 Qb2 35. Qf4 Qc2 36. Rf1 Rxc6 37. dxc6 Qd3 38. c7 g5 39.
Qxd6 Qxd6 40. c8=Q e3 41. fxe3 Qg3 42. Bc6 1-0

[Event "*** Titled Tuesday Blitz"]
[Site "Chess.com"]
[Date "2020.04.07"]
[Round "4"]
[White "SimonKnightRivendell"]
[Black "AlphaZ3r0"]
[Result "0-1"]
[WhiteElo "1893"]
[BlackElo "2256"]
[TimeControl "180+1"]
[EndTime "13:41:16 PDT"]
[Termination "AlphaZ3r0 won by resignation"]

1. d4 d5 2. c4 dxc4 3. Nf3 Nf6 4. Nc3 a6 5. a4 Nc6 6. e3 e5 7. dxe5 Qxd1+ 8. Nxd1 Ng4 9. Bxc4 Ngxe5 10. Nxe5 Nxe5 11. Be2 Bf5 12. O-O O-O-O 13. Nc3 Bb4 14. Rd1 Bc2 15.
Rxd8+ Rxd8 16. f4 Nd3 17. Bf3 Bc5 18. Kf1 Bb3 19. Be4 Nxc1 20. Rxc1 Bxe3 21. Re1 Bc4+ 22. Ne2 g6 23. g3 f5 24. Bf3 Rd2 25. b3 Bxb3 26.
Rb1 Rd1+ 27. Rxd1 Bxd1 28. Ke1 Bxa4 29. Nc3 Bb3 30. Ke2 Bd4 31. Nd5 Bc4+ 32. Kd2 Kd7 33. Ne3 Bxe3+ 34. Kxe3 b5 35. Kd4 Kd6 36. Bb7 c5+ 37.
Kc3 a5 38. Ba6 b4+ 39. Kxc4 Kc6 40. Bc8 a4 41. Be6 b3 42. Kc3 Kb5 43. Bg8 h6 44.
Bf7 g5 45. Be8+ Ka5 46. Bd7 gxf4 47. gxf4 c4 48. Bxf5 a3 49. Kxc4 a2 50. Kxb3 a1=Q 0-1

[Event "*** Titled Tuesday Blitz"]
[Site "Chess.com"]
[Date "2020.04.07"]
[Round "4"]
[White "NewBornNow"]
[Black "UmutErdemGunduz"]
[Result "1-0"]
[WhiteElo "2644"]
[BlackElo "2414"]
[TimeControl "180+1"]
[EndTime "13:41:17 PDT"]
[Termination "NewBornNow won by resignation"]

1. e4 e5 2. Nf3 Nc6 3. Bc4 Bc5 4. c3 Nf6 5. d3 d6 6. Nbd2 a6 7. Bb3 Ba7 8. Nf1 O-O 9. h3 Re8 10. Ng3 Be6 11. Bc2 d5 12. Qe2 b5 13. Ng5 Bd7 14. exd5 Ne7 15. c4 c6 16. N5e4 Ng6 17. Bg5 cxd5 18. cxd5 Qa5+ 19. Bd2 Qb6 20. Nxf6+ Qxf6 21. Ne4 Qd8 22. O-O Bd4 23. Qh5 Bxb2 24. Rab1 Bd4 25. Ng5 h6 26. Nf3 Ba7 27. Rbe1 Nf4 28. Bxf4 exf4 29. Ne5 Rf8 30. Bb3 Bd4 31. Nxf7 Qf6 32.
d6 Kh7 33. Bd5 Rae8 34. Rxe8 Bxe8 35. d7 Bxf7 36. Bxf7 Bb6 37. Be8 Bd8 38. Qd5 f3 39. Qxf3 Qxf3 40. gxf3 Rxf3 41. d4 Rf6 42. Rc1 Kg8 43.
Rc8 Kf8 1-0

[Event "*** Titled Tuesday Blitz"]
[Site "Chess.com"]
[Date "2020.04.07"]
[Round "4"]
[White "Kavyev_Ruslan"]
[Black "Chessterra87"]
[Result "0-1"]
[WhiteElo "2608"]
[BlackElo "2322"]
[TimeControl "180+1"]
[EndTime "13:41:17 PDT"]
[Termination "Chessterra87 won by checkmate"]

1. d4 c5 2. d5 b5 3. e4 a6 4. Nf3 d6 5. a4 bxa4 6. Nc3 g6 7. Rxa4 Bg7 8. Bd3 Nf6 9. O-O O-O 10. Nd2 Nbd7 11.
Nc4 Nb6 12. Nxb6 Qxb6 13. Qe2 Nd7 14. Bd2 Ne5 15. Rfa1 Nxd3 16. Qxd3 Rb8 17. Nd1 Qd8 18. Bc3 f5 19. Bxg7 Kxg7 20. exf5 Rxf5 21. Ne3 Rf6 22. b3 Qf8 23. f3 Kg8 24. Ng4 Rf4 25. Ne3 Qf6 26. h3 Rbb4 27. R1a2 Rxa4 28. Rxa4 Rxa4 29.
bxa4 Qa1+ 30. Kh2 Qxa4 31. c4 Qa1 32. Qe2 Qe5+ 33. Kg1 Qd4 34. Kh2 a5 35. Kh1 a4 36.
Nf1 Kf7 37. Ng3 a3 38. Ne4 Qa1+ 39. Kh2 Qe5+ 40. Kh1 Qb2 41. Ng5+ Ke8 42. Qd1 a2 43. Qa4+ Kf8 44. Nxh7+ Kg7 45. Qe8 a1=Q+ 46. Kh2 Qe5+ 47. g3 Qab2+ 48. Kh1 Qe1# 0-1

[Event "*** Titled Tuesday Blitz"]
[Site "Chess.com"]
[Date "2020.04.07"]
[Round "4"]
[White "aloe_normansen"]
[Black "MFguimaraes"]
[Result "1/2-1/2"]
[WhiteElo "2177"]
[BlackElo "2398"]
[TimeControl "180+1"]
[EndTime "13:41:17 PDT"]
[Termination "Game drawn by agreement"]

1. e4 e5 2. Nf3 Nc6 3. Bc4 Nf6 4.
d3 h6 5. O-O d6 6. c3 g5 7. d4 g4 8. dxe5 gxf3 9. exf6 fxg2 10.
Re1 Qxf6 11. f4 Be6 12. Bd5 Bxd5 13. exd5+ Ne7 14. Qg4 Qg6 15. Qh3 h5 16. f5 Qg4 17.
Qxg4 hxg4 18. f6 Kd7 19. fxe7 Bxe7 20. Kxg2 Rh3 21. Bf4 Rah8 22. Nd2 Bf6 23. Nf1 Rf3 24. Bg3 Bg5 25. Rad1 f5 26. Nd2 Bxd2 27. Rxd2 f4 28. Bf2 Rfh3 29. Bg1 g3 30. hxg3 Rxg3+ 31. Kf1 Rh1 32.
Rg2 Rf3+ 33. Ke2 Rfh3 34. Kd2 Rh7 35. Bd4 f3 36. Rg7+ Rxg7 37. Bxg7 Rh2+ 38. Ke3 Rxb2 39.
Kxf3 Rxa2 40. Bf6 c6 41. Re7+ Kc8 42. Re8+ Kd7 43. Rb8 Kc7 44. Re8 cxd5 45. Bd4 b6 46.
Re7+ Kc6 47. Ke3 a5 48. Kd3 b5 49. Re2 Rxe2 50. Kxe2 b4 51. cxb4 axb4 1/2-1/2

[Event "*** Titled Tuesday Blitz"]
[Site "Chess.com"]
[Date "2020.04.07"]
[Round "4"]
[White "MarcoRiehle"]
[Black "joppie2"]
[Result "0-1"]
[WhiteElo "2699"]
[BlackElo "3016"]
[TimeControl "180+1"]
[EndTime "13:41:18 PDT"]
[Termination "joppie2 won by resignation"]

1. e4 c6 2. c4 e5 3. d4 Nf6 4.
Nc3 Bb4 5. f3 Qa5 6. Ne2 d5 7.
dxe5 Nfd7 8. cxd5 O-O 9. Bf4 Re8 10. a3 Bxc3+ 11. Nxc3 Nxe5 12. Qd4 Ng6 13. Bd2 cxd5 14. Nxd5 Qd8 15. Bc4 Nc6 16. Qf2 Nce5 17. Be2 Be6 18. O-O Bxd5 19. exd5 Qxd5 20. Rfd1 Nd3 21. Bxd3 Qxd3 22.
Bc3 Qf5 23. Qd4 f6 24. Re1 h5 25. Qc4+ Kh7 26. Qf7 Rxe1+ 27. Rxe1 Nf4 28. Qxb7 Qg5 29. g3 Rd8 30. Qe4+ Ng6 31. Kf2 Rd7 32. Qe3 Qf5 33. Qe4 Qc5+ 34. Qe3 Qb5 35. Qe4 Re7 36. Qb1 Qc5+ 37. Kg2 Rd7 38. Qe4 a6 39. Qb1 Qg5 40. Re2 f5 41. Kf2 h4 42. Qg1 f4 43. g4 Qc5+ 44. Kg2 h3+ 45. Kh1 Qxg1+ 46. Kxg1 Nh4 47. Kf2 Rd3 48. Re5 Nxf3 49. Re7 Nxh2 50. Rxg7+ Kh6 51. Rg8 Rg3 52. g5+ Kh5 53. g6 Ng4+ 54. Ke2 f3+ 55.
Kd2 f2 56. g7 f1=Q 57. Rf8 Rg2+ 0-1

[Event "*** Titled Tuesday Blitz"]
[Site "Chess.com"]
[Date "2020.04.07"]
[Round "4"]
[White "Alexander_Moskalenko"]
[Black "Etoilegeniale"]
[Result "0-1"]
[WhiteElo "2925"]
[BlackElo "2511"]
[TimeControl "180+1"]
[EndTime "13:41:19 PDT"]
[Termination "Etoilegeniale won on time"]

1. e4 c5 2. Nc3 Nc6 3. Bb5 Nd4 4.
Bc4 e6 5. Nf3 Nf6 6. d3 d5 7.
exd5 exd5 8. Bb3 Nxb3 9. axb3 Be7 10. O-O O-O 11. Ne5 Bd6 12. Re1 d4 13. Nb5 Bb8 14.
Na3 Re8 15. Bf4 Ng4 16. Nac4 Nxe5 17. Bxe5 Bxe5 18. Nxe5 Be6 19. Qh5 g6 20. Qf3 Qc7 21.
Qf4 Re7 22. h4 Rae8 23. Kh2 Bc8 24. Rxa7 Rxe5 25. Rea1 R5e7 26. Qxc7 Rxc7 27. Ra8 Rce7 28. R1a5 b6 29. Rb5 Re6 30. Rb8 Re2 31. R5xb6 Rxf2 32. Rc6 Bd7 33. Rxe8+ Bxe8 34. Rxc5 Kg7 35. b4 Rf1 36. b5 Rb1 37. b3 Ra1 38. b6 Ra6 39. b7 Rb6 40. Rc8 Rxb7 41. Rd8 Rc7 42. Rxe8 Rxc2 43.
Re2 Rxe2 0-1

[Event "*** Titled Tuesday Blitz"]
[Site "Chess.com"]
[Date "2020.04.07"]
[Round "4"]
[White "ruslansezdbekov"]
[Black "Chopper1905"]
[Result "0-1"]
[WhiteElo "2569"]
[BlackElo "2859"]
[TimeControl "180+1"]
[EndTime "13:41:20 PDT"]
[Termination "Chopper1905 won by resignation"]

1. e4 c5 2. Nf3 d6 3. c3 Nf6 4. Be2 g6 5. O-O Bg7 6. Qc2 Qc7 7. d3 O-O 8. a3 b6 9. h3 Bb7 10. Bf4 Nbd7 11. Nbd2 Rac8 12. Nh2 e5 13. Bg3 d5 14.
exd5 Nxd5 15. Bf3 f5 16. Rae1 Rce8 17. Qb3 Nf6 18. Nc4 f4 19. Bh4 Kh8 20. Bxf6 Bxf6 21.
Ng4 Bg7 22. Ncxe5 Rd8 23. d4 Rd6 24. Re2 h5 25. Nh2 Ba6 26. c4 Ne7 27. d5 Nf5 28.
Qd3 Kh7 29. Rfe1 Nd4 30. Nxg6 Rxg6 31. Bxh5 Nxe2+ 32. Rxe2 Rf6 33. Ng4 Qf7 34. Re6 Rxe6 35. dxe6 Qxe6 36. b3 Bb7 37. f3 Bd4+ 38. Kh2 Kg7 39.
Bxg6 Qxg6 40. Qe2 Qf7 41. h4 Bc8 42. Kh3 Bf5 43. b4 Qe6 44. Qd2 Qe3 45. Qd1 Qg1 46. Qxg1 Bxg1 47. h5 cxb4 48. axb4 a5 49. bxa5 bxa5 50.
Kh4 Bxg4 51. fxg4 a4 52. g5 a3 53. h6+ Kg6 54. Kg4 a2 55. Kxf4 a1=Q 56. Kg4 Qd4+ 0-1

[Event "*** Titled Tuesday Blitz"]
[Site "Chess.com"]
[Date "2020.04.07"]
[Round "4"]
[White "Sibelephant"]
[Black "anon219"]
[Result "1-0"]
[WhiteElo "3156"]
[BlackElo "2808"]
[TimeControl "180+1"]
[EndTime "13:41:21 PDT"]
[Termination "Sibelephant won by resignation"]

1. d4 Nf6 2. c4 e6 3. Nf3 d5 4. e3 a6 5. b3 Be7 6. Bd3 O-O 7. O-O b6 8. Bb2 Bb7 9. Nc3 dxc4 10.
bxc4 c5 11. Qe2 Nc6 12. Rad1 cxd4 13. exd4 Re8 14. Ne4 Rc8 15. Ne5 Qc7 16. Nxf7 Nxe4 17. Qxe4 Kxf7 18. Qxh7 Rh8 19. Qg6+ Kf8 20. h3 Bf6 21.
Qg4 Re8 22. Bg6 Rh4 23. Qe2 Nxd4 24. Bxd4 Bxd4 25. Rxd4 Rxd4 26. Bxe8 Kxe8 27. Qxe6+ Kf8 28. Re1 Qc6 29. Qf5+ Kg8 30. f3 Rd8 31. Re7 Rf8 32.
Qe5 Rf7 33. Re8+ Rf8 34. Re7 Rf7 35. Qb8+ Rf8 36. Qxb7 Qxb7 37. Rxb7 Rc8 38. Rxb6 Rxc4 39. Rxa6 1-0